 Dungeon Crawl Stone Soup version 0.31-a0-845-g9abc20d24f (webtiles) character file.

Game seed: 3773017906398593612

37 IcyTea the Grave Robber (level 3, 0/24 HPs)
             Began as a Demonspawn Necromancer on Oct 1, 2023.
             Succumbed to an adder's poison
             ... on level 2 of the Dungeon.
             The game lasted 00:03:52 (1283 turns).

IcyTea the Grave Robber (Demonspawn Necromancer)    Turns: 1283, Time: 00:03:53

Health: 0/24       AC:  2    Str:  8    XL:     3   Next: 23%
Magic:  1/6        EV:  9    Int: 18    God:
Gold:   114        SH:  0    Dex: 13    Spells: 5/6 levels left

rFire   . . .        h - +2 hand axe (elec)
rCold   . . .        (no shield)
rNeg    . . .        a - +0 robe
rPois   .            (no helmet)
rElec   .            (no cloak)
rCorr   .            (no gloves)
SInv    .            (no boots)
Will    .....        (no amulet)
Stlth   ++           (no ring)
HPRegen 0.24/turn    (no ring)
MPRegen 0.10/turn

%: no passive effects
@: brilliant, lethally poisoned (0 -> -3), constricted
A: powered by pain 1
a: no special abilities


You were on level 2 of the Dungeon.
You visited 1 branch of the dungeon, and saw 3 of its levels.

You collected 136 gold pieces.
You spent 22 gold pieces at shops.

Inventory:

Hand Weapons
 c - a +0 short sword
 h - a +2 hand axe of electrocution (weapon)
Armour
 a - a +0 robe (worn)
Jewellery
 e - a ring of fire
Scrolls
 d - a scroll of blinking
 j - a scroll of poison
 k - a scroll of teleportation {unknown}
Potions
 b - 2 potions of magic
 f - a potion of curing {unknown}
 g - a potion of lignification {unknown}
 i - a potion of brilliance
 l - a potion of haste {unknown}


   Skills:
 - Level 1.7 Dodging
 - Level 1.7 Stealth
 - Level 2.0 Spellcasting
 + Level 5.6 Necromancy


You had 5 spell levels left.
You knew the following spells:

 Your Spells              Type           Power      Damage    Failure   Level
a - Necrotise             Necr           100%       1d9       1%          1

Your spell library contained the following spells:

 Spells                   Type           Power      Damage    Failure   Level
 Vampiric Draining        Necr           33%        2d8       5%          3
 Animate Dead             Necr           33%        N/A       17%         4
 Agony                    Necr           33%        N/A       43%         5


Dungeon Overview and Level Annotations

Branches:
Dungeon (3/15)

Altars:

Shops:
D:1 *


Innate Abilities, Weirdness & Mutations

You sometimes gain a little power by taking damage.


Message History

You are poisoned.
The adder poisons you! The giant cockroach barely misses you.
The adder bites you.
You are more poisoned.
The adder poisons you!
Casting: Necrotise (safe; 1% risk of failure)
Confirm with . or Enter, or press ? or * to list all spells.
Aiming: Necrotise (safe; 1% risk of failure)
Press: ? - help, Shift-Dir - straight line, f/p - adder
Aim: an adder (heavily wounded, chance to affect: 85%)
The adder writhes in agony.
You feel sick. The giant cockroach misses you. The adder bites you.
You are more poisoned.
The adder poisons you!
Unknown command.
Casting: Necrotise (safe; 1% risk of failure)
Confirm with . or Enter, or press ? or * to list all spells.
Aiming: Necrotise (safe; 1% risk of failure)
Press: ? - help, Shift-Dir - straight line, f/p - adder
Aim: an adder (almost dead, chance to affect: 85%)
The adder writhes in agony.
You kill the adder!
The dead are slithering!
You feel very sick. The giant cockroach closely misses you.
You closely miss the giant cockroach.
You feel sick. The giant cockroach closely misses you.
The giant cockroach bites you.
* * * LOW HITPOINT WARNING * * *
* * * LOW HITPOINT WARNING * * *
You feel sick.
You swap places.
You feel sick. The ball python bites you.
* * * LOW HITPOINT WARNING * * *
The ball python grabs you. The ball python constricts you.
The giant cockroach closely misses your adder skeleton.
Your adder skeleton closely misses the giant cockroach.
The ball python closely misses you. The ball python constricts you.
* * * LOW HITPOINT WARNING * * *
It was a potion of brilliance.
You feel clever all of a sudden.
You die...

..........#......
##........S#
....###.#.......# ##
##.######### ....
#..# PP..# #B##
~~~.# #B# ~~~~ #Z#
##~P♣♣ ♣♣~P#
###@###.### #.P~P
♣~~~###.S........
.P.P♣♣
♣~~.....#...#.###
.PP~~♣♣♣~P#..#...#.#
..~P~♣~♣~P#..##.##.#
#...~~~P~P..<##..#.#
#....PPP~#.).###.#.#
).......###........
#.###.......####.##


You could see 2 giant cockroaches, a ball python and a friendly adder skeleton.

Vanquished Creatures
  An adder (D:2)
  A dart slug (D:1)
  A ball python (D:1)
  An endoplasm (D:1)
  2 giant cockroaches
  2 goblins
  3 jackals
  3 quokkas (D:1)
  3 bats
  4 frilled lizards
  A kobold (D:1)
  2 rats
24 creatures vanquished.

Vanquished Creatures (collateral kills)
  A jackal (D:1)
1 creature vanquished.

Grand Total: 25 creatures vanquished

Notes
Turn   | Place    | Note
-------+----------+-------------------------------------------
     0 | D:1      | IcyTea the Demonspawn Necromancer began the quest for the
                  | Orb.
     0 | D:1      | Reached XP level 1. HP: 13/13 MP: 3/3
   157 | D:1      | Found a faded altar of an unknown god.
   408 | D:1      | Gained mutation: You sometimes gain a little power by
                  | taking damage. [demonic ancestry]
   408 | D:1      | Reached XP level 2. HP: 17/19 MP: 1/5
   546 | D:1      | Reached skill level 5 in Necromancy
   691 | D:1      | Found Kekhlarri's General Store.
   703 | D:1      | Bought a scroll of identify for 22 gold pieces
  1263 | D:3      | Reached XP level 3. HP: 24/24 MP: 6/6
  1282 | D:2      | HP: 1/24 [constriction (1)]
  1283 | D:2      | Succumbed to an adder's poison

Illustrated notes

Levels and vault maps discovered:
D:1:      saegor_arrival_simple_e, layout_basic, serial_shops,
          nicolae_shop_trees, shapermc_ecumenical_altar_gd
D:2:      layout_loops_cross, serial_bayou, serial_bayou_shore_b,
          serial_bayou_pond_a, serial_bayou_lagoon_a, serial_bayou_pond_c
D:3:      layout_basic, serial_shops, shop, grunt_decor_cap

Skill      XL: |  1  2 |
---------------+-------+-----
Necromancy     | 5 |  5.6
Dodging        | |  1.7
Stealth        | |  1.7
Spellcasting   | |  2.0

Action                     || total
---------------------------++-------
  Melee: Short sword       ||    11
         Hand axe          ||    50
         Punch             ||     2
   Cast: Necrotise         ||    28
    Use: Scroll            ||     2
         Potion            ||     1
   Stab: Sleeping          ||     1
 Armour: Robe              ||    47
  Dodge: Dodged            ||    56

Table legend: (Time is in decaauts)
 A = Elapsed time spent in this place.
 B = Non-inter-level travel time spent in this place.
 C = Inter-level travel time spent in this place.
 D = Time resting spent in this place.
 E = Time spent auto-exploring this place.
 F = Levels seen in this place.
 G = Mean time per level.
                   A        B        C        D        E       F      G
               +--------+--------+--------+--------+--------+-----+--------+
         Total |   1297 |   1221 |     76 |     89 |    708 |   3 |  432.3 |
       Dungeon |   1297 |   1221 |     76 |     89 |    708 |   3 |  432.3 |
               +--------+--------+--------+--------+--------+-----+--------+

Top non-repeatable levels by time:
     D:1: 1093 daAuts
     D:2: 135 daAuts
     D:3: 69 daAuts
